 Dungeon Crawl Stone Soup version 0.24.0-13-gcf9b3192b9 (webtiles) character file.

Game seed: 1890926938629109589, levelgen mode: deterministic

6395 Mrkan the Cleaver (level 10, -2/91 HPs)
             Began as a Minotaur Fighter on Nov 5, 2019.
             Was a Believer of Nemelex Xobeh.
             Slain by a tengu warrior
             ... wielding a +0 battleaxe
              (9 damage)
             ... on level 8 of the Dungeon.
             The game lasted 00:14:20 (6795 turns).

Mrkan the Cleaver (Minotaur Fighter)                Turns: 6795, Time: 00:14:20

Health: -2/91      AC: 21    Str: 25    XL:     10   Next: 66%
Magic:  9/9        EV:  8    Int:  5    God:    Nemelex Xobeh [**....]
Gold:   556        SH: 12    Dex: 12    Spells: 9/9 levels left

rFire    . . .     SeeInvis .   a - +1 war axe
rCold    . . .     Gourm    .   c - +0 shield
rNeg     + . .     Faith    .   b - +0 plate armour
rPois    .         Spirit   .   (helmet restricted)
rElec    .         Reflect  .   (no cloak)
rCorr    .         Harm     .   m - +2 pair of gloves
MR       .....                  k - +2 pair of boots
Stlth    ..........             v - amulet of magic regeneration
HPRegen  0.25/turn              o - ring of the Wild Haggis {rN+ Str+3}
MPRegen  0.36/turn              x - +2 ring of evasion

@: no status effects
A: retaliatory headbutt, horns 2
a: Draw Escape, Draw Destruction, Draw Summoning, Renounce Religion


You were on level 8 of the Dungeon.
You worshipped Nemelex Xobeh.
Nemelex Xobeh was pleased with you.
You were not hungry.

You visited 1 branch of the dungeon, and saw 8 of its levels.
You also visited: Sewer.

You collected 556 gold pieces.

Inventory:

Hand Weapons
 a - a +1 war axe (weapon)
Missiles
 y - 2 curare-tipped darts (quivered)
Armour
 b - a +0 plate armour (worn)
 c - a +0 shield (worn)
 k - a +2 pair of boots (worn)
 m - a +2 pair of gloves (worn)
Jewellery
 o - the ring of the Wild Haggis (left hand) {rN+ Str+3}
   (You found it on level 2 of the Dungeon)

   [ring of positive energy]

   It affects your strength (+3).
   It protects you from negative energy.
 v - an amulet of magic regeneration (around neck)
 x - a +2 ring of evasion (right hand)
Wands
 n - a wand of enslavement (7)
 r - a wand of disintegration (11)
 t - a wand of polymorph (7)
 G - a wand of digging (4)
Scrolls
 e - 4 scrolls of remove curse
 h - 8 scrolls of teleportation
 i - 2 scrolls of identify
 j - 3 scrolls of magic mapping
 p - 3 scrolls of fog
 q - 2 scrolls of blinking
 s - 3 scrolls of amnesia
 D - a scroll of enchant weapon
Potions
 d - 8 potions of might
 g - 2 potions of curing
 l - 4 potions of haste
 u - a potion of berserk rage
 w - a potion of degeneration {unknown}
 z - a potion of brilliance
 A - 2 potions of heal wounds
 B - a potion of flight {unknown}
 C - 2 potions of magic
Comestibles
 f - 18 rations
 E - 5 chunks of flesh


   Skills:
 + Level 9.5 Fighting
 * Level 12.2 Axes
 + Level 9.4 Armour
 + Level 9.5 Shields


You had 9 spell levels left.
You didn't know any spells.
Your spell library contained the following spells:

 Spells                   Type           Power        Failure   Level  Hunger
 Beastly Appendage        Tmut           #.....       100%        1    ##.....
 Sticks to Snakes         Tmut           #.......     100%        2    ###....
 Spider Form              Tmut/Pois      #.........   100%        3    ####...
 Ice Form                 Ice/Tmut       #.......     100%        4    #####..
 Blade Hands              Tmut           #.........   100%        5    ######.


Dungeon Overview and Level Annotations

Branches:
Dungeon (8/15)             Temple (0/1) D:4           Sewer (visited)
   Lair: D:8-11

Altars:
Elyvilon
Makhleb
Nemelex Xobeh
Okawaru
Ru
Zin
The Shining One

Shops:
D:4 [


Innate Abilities, Weirdness & Mutations

You reflexively headbutt those who attack you in melee.
You have a pair of horns on your head.


Message History

The tengu warrior claws you.
* * * LOW HITPOINT WARNING * * *
You miss the tengu warrior. Your headbutt misses the tengu warrior.
The tengu warrior is almost dead.
The tengu warrior barely misses you. The tengu warrior closely misses you.
You block the tengu warrior's attack.
Things that are here:
a +0 giant spiked club; an ogre corpse The tengu warrior hits you with a +0 battleaxe.
* * * LOW HITPOINT WARNING * * *
You block the tengu warrior's attack.
The tengu warrior claws you but does no damage.
You see here a wyvern skeleton.
Things that are here:
a +0 ring mail; an orc corpse; a hound corpse Some of the chunks of flesh in your inventory have rotted away.
There is an open door here.
The tengu warrior hits you with a +0 battleaxe!
You die...
Your body glows slightly and disappears.

.........#.# #.##.#####.## #
.........#<####.##.##.##.##(#
.............##.......O÷....#
#########.##.##[##.##.##.#
#.#####O#####.# # #.## #...#
..[ #..####.## #####
##..###'# ##..@Q.# #######


You could see a tengu warrior.

Vanquished Creatures
  Harold (D:7)
  A queen bee (D:8)
  Grinder (D:3)
  A hippogriff (D:8)
  2 wyverns (D:8)
  An acid dragon (D:8)
  A black bear (D:7)
  2 sky beasts
  2 orc warriors
  2 phantoms
  A necrophage (D:7)
  4 ice beasts
  6 ogres
  2 centaurs
  A big kobold (D:7)
  10 bullfrogs
  14 killer bees (D:8)
  6 wights
  2 crimson imps
  2 bullfrog zombies
  A centaur zombie (D:7)
  A quasit (D:6)
  A centaur skeleton (D:5)
  3 jellies
  2 orc priests
  5 hounds
  A gnoll shaman (D:6)
  Natasha (thrice) (D:3 D:2)
  5 orc wizards
  5 worker ants
  An iguana (D:8)
  A killer bee zombie (D:7)
  A hound zombie (D:6)
  3 hound skeletons
  9 gnolls
  19 adders
  3 river rats (Sewer)
  A shadow imp (D:7)
  3 oozes
  An adder skeleton (D:7)
  7 worms
  2 dart slugs
  3 leopard geckos
  15 orcs
  8 ball pythons (Sewer)
  5 bats
  7 giant cockroaches
  6 goblins
  7 hobgoblins
  4 jackals (D:6)
  3 quokkas
  3 frilled lizards
  A jackal skeleton (D:6)
  7 kobolds
  31 rats
240 creatures vanquished.

Notes
Turn   | Place    | Note
-------+----------+-------------------------------------------
     0 | D:1      | Mrkan the Minotaur Fighter began the quest for the Orb.
     0 | D:1      | Reached XP level 1. HP: 19/19 MP: 0/0
   419 | D:2      | Reached XP level 2. HP: 18/27 MP: 1/1
   611 | D:2      | Reached skill level 3 in Axes
   705 | D:2      | Reached XP level 3. HP: 18/33 MP: 2/2
  1077 | D:2      | Reached XP level 4. HP: 37/40 MP: 3/3
  1163 | D:2      | Got a clouded glass ring
  1392 | D:3      | Reached skill level 4 in Axes
  1425 | D:3      | Found a sparkling altar of Nemelex Xobeh.
  1494 | D:3      | Noticed Grinder
  1519 | D:3      | Paralysed by Grinder for 3 turns
  1525 | D:3      | Killed Grinder
  1525 | D:3      | Reached skill level 5 in Axes
  1525 | D:3      | Reached XP level 5. HP: 24/47 MP: 4/4
  1525 | D:3      | Reached XP level 6. HP: 29/55 MP: 5/5
  1758 | D:3      | Found a glowing golden altar of the Shining One.
  1802 | D:3      | Noticed Natasha
  1812 | D:3      | Killed Natasha
  1812 | D:3      | Reached skill level 5 in Fighting
  1812 | D:3      | Reached skill level 5 in Armour
  1812 | D:3      | Reached skill level 5 in Shields
  1818 | D:3      | Noticed Natasha
  1823 | D:3      | Killed Natasha
  1831 | D:3      | Noticed Natasha
  1843 | D:2      | Killed Natasha
  2009 | D:3      | Became a worshipper of Nemelex Xobeh the Trickster
  2451 | D:4      | Reached skill level 6 in Axes
  2472 | D:4      | Reached XP level 7. HP: 50/61 MP: 6/6
  2880 | D:4      | Received a gift from Nemelex Xobeh
  2976 | D:4      | You fall into a shaft and drop 3 floors!
  3018 | D:7      | Reached skill level 7 in Axes
  3264 | D:6      | Reached XP level 8. HP: 65/70 MP: 7/7
  3304 | D:5      | Entered Level 5 of the Dungeon
  3323 | D:5      | Reached * piety under Nemelex Xobeh
  3620 | D:5      | Found a glowing drain.
  3639 | Sewer    | Entered a sewer
  4010 | Sewer    | Reached skill level 8 in Axes
  4410 | D:4      | Found Hoyleon's Antique Armour Boutique.
  4634 | D:4      | Received a gift from Nemelex Xobeh
  4683 | D:4      | Found a staircase to the Ecumenical Temple.
  5176 | D:6      | Reached ** piety under Nemelex Xobeh
  5408 | D:7      | Received a gift from Nemelex Xobeh
  5412 | D:7      | Reached skill level 9 in Axes
  5421 | D:7      | Reached XP level 9. HP: 69/79 MP: 8/8
  5439 | D:7      | Identified the ring of the Wild Haggis {rN+ Str+3} (You
                  | found it on level 2 of the Dungeon)
  5520 | D:7      | Reached skill level 10 in Axes
  5797 | D:7      | Noticed Harold
  5823 | D:7      | Killed Harold
  5887 | D:7      | Found a burning altar of Makhleb.
  5894 | D:7      | Reached skill level 11 in Axes
  6115 | D:8      | Reached XP level 10. HP: 74/90 MP: 9/9
  6219 | D:8      | Found a glowing silver altar of Zin.
  6220 | D:8      | Found a white marble altar of Elyvilon.
  6220 | D:8      | Found a sacrificial altar of Ru.
  6646 | D:8      | Found an iron altar of Okawaru.
  6733 | D:8      | Reached skill level 12 in Axes
  6761 | D:8      | Noticed a tengu warrior
  6778 | D:8      | HP: 4/91 [tengu warrior/+0 battleaxe (5)]
  6784 | D:8      | HP: 4/91 [tengu warrior/+0 battleaxe (1)]
  6795 | D:8      | Slain by a tengu warrior

Levels and vault maps discovered:
D:1:      ncdulo_halloftheorcs, layout_basic
D:2:      layout_loops_cross, grunt_ministairs_2, minivault_5
D:3:      layout_rooms, nemelex_xobeh_ov_fountains_minmay,
          nicolae_overflow_crystal_walls, first_ration, uniq_grinder,
          uniq_natasha
D:4:      layout_basic, minmay_temple_entry_butterflies, serial_shops,
          shop_fountains, serial_park_tiny_pond
D:5:      layout_loops_ring, cheibrodos_sewer_entry_bend
D:6:      layout_loops_cross, kennysheep_generic_room_15
D:7:      cheibrodos_barr_body, layout_basic, makhleb_blood_cavern_becter,
          uniq_harold
D:8:      hangedman_cross_veins, layout_basic, grunt_gozag_statues,
          okawaru_metal_pillars_1_2, gammafunk_temple_overflow_claw,
          david_nohive_1, uniq_pikel

Skill      XL: |  1  2  3  4  5  6  7  8  9 10 |
---------------+-------------------------------+-----
Axes           | 3 5 6 7 9 11 12 | 12.2
Fighting       | 4 5 6 7 8 9 |  9.5
Armour         | 4 5 6 7 8 9 |  9.4
Shields        | 4 5 6 7 8 9 |  9.5

Action                   |  1- 3 |  4- 6 |  7- 9 | 10-12 || total
-------------------------+-------+-------+-------+-------++-------
Melee: War axe           |    68 |   112 |   388 |   163 ||   731
       Headbutt          |    13 |    10 |    79 |    33 ||   135
  Use: Scroll            |       |       |    17 |       ||    17
  Eat: Chunk             |     1 |     4 |    12 |     3 ||    20
Armor: Scale mail        |    23 |    45 |   105 |       ||   173
       Chain mail        |       |       |    95 |       ||    95
       Plate armour      |       |       |    34 |    89 ||   123
Dodge: Dodged            |    15 |    32 |   127 |    37 ||   211
Block: Shield            |    26 |    71 |   244 |   105 ||   446
